 Dungeon Crawl Stone Soup version 0.24-a0-778-g74da537585 (webtiles) character file.

Game seed: 14995538585888333918, levelgen mode: deterministic

112 Arixos the Magician (level 4, 0/24 HPs)
             Began as a Deep Elf Wizard on Oct 6, 2019.
             Slain by a bullfrog (5 damage)
             ... on level 3 of the Dungeon.
             The game lasted 00:12:32 (2851 turns).

Arixos the Magician (Deep Elf Wizard)               Turns: 2851, Time: 00:12:33

Health: 0/24       AC:  2    Str:  4    XL:     4   Next: 64%
Magic:  2/13       EV: 13    Int: 24    God:
Gold:   107        SH:  0    Dex: 13    Spells: 2/13 levels left

rFire    . . .     SeeInvis .   (no weapon)
rCold    . . .     Gourm    .   (no shield)
rNeg     . . .     Faith    .   n - +0 robe (curse)
rPois    .         Spirit   .   b - +0 hat
rElec    .         Reflect  .   (no cloak)
rCorr    .         Harm     .   (no gloves)
MR       .....                  (no boots)
Stlth    ++........             (no amulet)
HPRegen  0.08/turn              (no ring)
MPRegen  0.13/turn              (no ring)

@: very slightly contaminated
A: no striking features
a: no special abilities


You were on level 3 of the Dungeon.
You were not hungry.

You visited 1 branch of the dungeon, and saw 3 of its levels.

You collected 107 gold pieces.

Inventory:

Armour
 a - a +0 robe
 b - a +0 hat (worn)
 n - a cursed +0 robe (worn)
Scrolls
 f - 2 scrolls of remove curse {unknown}
 h - a scroll of enchant armour {unknown}
 j - 3 scrolls of identify {unknown}
 l - a scroll of blinking {unknown}
 m - a scroll of amnesia {unknown}
Potions
 c - a potion of haste {unknown}
 e - a potion of degeneration {unknown}
 g - 2 potions of resistance {unknown}
 k - a potion of heal wounds {unknown}
Comestibles
 d - 4 rations
 i - 8 chunks of flesh


   Skills:
 + Level 3.5 Dodging
 - Level 2.4 Stealth
 + Level 5.2 Spellcasting
 + Level 2.6 Conjurations
 + Level 1.5 Summonings
 + Level 1.5 Translocations
 + Level 0.5 Fire Magic
 + Level 0.6 Air Magic
 + Level 0.6 Poison Magic


You had 2 spell levels left.
You knew the following spells:

 Your Spells              Type           Power        Failure   Level  Hunger
a - Magic Dart            Conj           ###.         2%          1    None
c - Mephitic Cloud        Conj/Pois/Air  ##......     16%         3    ##.....
e - Blink                 Tloc           N/A          7%          2    None
f - Conjure Flame         Conj/Fire      ##......     13%         3    ##.....
i - Call Imp              Summ           ##......     7%          2    None

Your spell library contained the following spells:

 Spells                   Type           Power        Failure   Level  Hunger
 Slow                     Hex            #.......     13%         2    None


Dungeon Overview and Level Annotations

Branches:
Dungeon (3/15)

Altars:
Trog


Message History

The bullfrog hits you.
Casting: Magic Dart (safe; 2% risk of failure)
Confirm with . or Enter, or press ? or * to list all spells.
Aiming: Magic Dart (safe; 2% risk of failure)
Press: ? - help, Shift-Dir - straight line, f/p - bullfrog
Aim: a bullfrog (severely wounded)
The magic dart hits the bullfrog.
The bullfrog is severely wounded.
The bullfrog hits you.
* * * LOW HITPOINT WARNING * * *
The bullfrog misses you.
Casting: Magic Dart (safe; 2% risk of failure)
Confirm with . or Enter, or press ? or * to list all spells.
Aiming: Magic Dart (safe; 2% risk of failure)
Press: ? - help, Shift-Dir - straight line, f/p - bullfrog
Aim: a bullfrog (severely wounded)
You miscast Magic Dart.
You are very lightly contaminated with residual magic.
Strange energies run through your body. The bullfrog hits you.
You die...

#.# ...#
##.#.####..###.###
..# ..#. #...#
#.รท# #.# # .## #
##..# #..###'###
## .##. ##...'_###
# ... #.###'###
.)# #.# #.# # #.#
#.###.### #F#
#.....[.. # #@#
#...####. #.
####.####.....##
#. ..#
#..........### ##.
...
.....##.#######
#.. #.# #### #..##
#.# # # ##..#
#######.# ..
##.######.......#
#.#
#..).........###
#.#
#######.........#


You could see a bullfrog.

Vanquished Creatures
  3 adders
  An ooze (D:1)
  3 worms (D:2)
  2 dart slugs
  3 leopard geckos
  An orc (D:3)
  4 giant cockroaches
  7 goblins
  4 hobgoblins
  7 jackals
  2 quokkas
  10 bats
  2 frilled lizards
  4 kobolds
  A leopard gecko skeleton (D:3)
  11 rats
65 creatures vanquished.

Notes
Turn   | Place    | Note
-------+----------+-------------------------------------------
     0 | D:1      | Arixos the Deep Elf Wizard began the quest for the Orb.
     0 | D:1      | Reached XP level 1. HP: 10/10 MP: 7/7
   198 | D:1      | Reached XP level 2. HP: 15/15 MP: 3/9
   984 | D:1      | Reached XP level 3. HP: 19/19 MP: 4/11
  1106 | D:2      | Reached skill level 5 in Spellcasting
  1355 | D:2      | Learned a level 2 spell: Blink
  1359 | D:2      | Learned a level 3 spell: Mephitic Cloud
  1363 | D:2      | Learned a level 3 spell: Conjure Flame
  1366 | D:2      | Learned a level 2 spell: Call Imp
  1777 | D:2      | Reached XP level 4. HP: 24/24 MP: 0/13
  2796 | D:3      | Found a bloodstained altar of Trog.
  2840 | D:3      | Noticed a bullfrog
  2851 | D:3      | Slain by a bullfrog

Levels and vault maps discovered:
D:1:      wander_arrival_fairy_ring, layout_basic
D:2:      layout_basic
D:3:      layout_rooms, lemuel_doored_altar, uniq_robin

Skill      XL: |  1  2  3 |
---------------+----------+-----
Dodging        | 3 |  3.5
Conjurations   | 2 |  2.6
Spellcasting   | 5 |  5.2
Stealth        | |  2.4
Summonings     | |  1.5
Translocations | |  1.5
Fire Magic     | |  0.5
Air Magic      | |  0.6
Poison Magic   | |  0.6

Action                   |  1- 3 |  4- 6 || total
-------------------------+-------+-------++-------
Melee: Unarmed           |     5 |    10 ||    15
 Cast: Magic Dart        |   109 |    71 ||   180
       Mephitic Cloud    |     3 |       ||     3
       Blink             |     2 |     1 ||     3
       Conjure Flame     |     1 |     1 ||     2
  Eat: Chunk             |     3 |     3 ||     6
Armor: Robe              |     5 |       ||     5
Dodge: Dodged            |    14 |    12 ||    26

Table legend:
 A = Non-vault XP
 B = Vault XP
 C = Vault XP percentage of total XP
 D = Non-vault monster count
 E = Vault monster count
 F = Vault count percentage of total count
                 A         B        C        D         E       F
            +---------+---------+-------+---------+---------+-------
      Total |     161 |       0 |   0.0 |      65 |       0 |   0.0
            +---------+---------+-------+---------+---------+-------
        D:1 |      41 |       0 |   0.0 |      22 |       0 |   0.0
        D:2 |      62 |       0 |   0.0 |      22 |       0 |   0.0
        D:3 |      58 |       0 |   0.0 |      21 |       0 |   0.0
            +---------+---------+-------+---------+---------+-------
